 Dungeon Crawl Stone Soup version 0.31-a0-150-g89dc3ad700 (webtiles) character file.

Game seed: 7902143360966663584

1159 Dittersdorf the Shield-Bearer (level 8, -12/51 HPs)
             Began as a Gargoyle Fighter on June 8, 2023.
             Was a Follower of Okawaru.
             Mangled by an ogre
             ... wielding a +0 giant club
              (22 damage)
             ... on level 6 of the Dungeon.
             The game lasted 00:06:50 (4653 turns).

Dittersdorf the Shield-Bearer (Gargoyle Fighter)    Turns: 4653, Time: 00:06:51

Health: -12/51     AC: 15    Str: 22    XL:     8   Next: 39%
Magic:  8/8        EV: 10    Int:  9    God:    Okawaru [*.....]
Gold:   214        SH: 10    Dex:  9    Spells: 7/7 levels left

rFire   . . .        a - +0 flail (heavy)
rCold   + . .        c - +0 buckler
rNeg    + . .        h - +2 ring mail {rC+}
rPois   ∞            i - +0 helmet
rElec   +            (no cloak)
rCorr   .            (no gloves)
SInv    .            (no boots)
Will    .....        s - amulet of reflection Stlth
                     (no ring)
HPRegen 0.28/turn    (no ring)
MPRegen 0.11/turn

%: reflection
@: no status effects
A: sickness immunity, AC +5, negative energy resistance 1, electricity
resistance, torment resistance 1, petrification resistance
a: Renounce Religion, Heroism


You were on level 6 of the Dungeon.
You worshipped Okawaru.
Okawaru was aware of your devotion.
You visited 1 branch of the dungeon, and saw 6 of its levels.
You also visited: Sewer.

You collected 214 gold pieces.

Inventory:

Hand Weapons
 a - a +0 heavy flail (weapon)
Armour
 c - a +0 buckler (worn)
 h - a +2 ring mail of cold resistance (worn)
 i - a +0 helmet (worn)
Jewellery
 s - an amulet of reflection (around neck)
Wands
 l - a wand of flame (16)
Scrolls
 e - 4 scrolls of teleportation
 q - 2 scrolls of blinking
 r - a scroll of enchant weapon {unknown}
Potions
 b - a potion of might
 d - a potion of berserk rage {unknown}
 f - 2 potions of heal wounds {unknown}
 g - 2 potions of brilliance {unknown}
 j - 4 potions of curing
 k - a potion of degeneration {unknown}
 m - a potion of ambrosia {unknown}
 n - 3 potions of haste {unknown}
 o - 2 potions of mutation {unknown}
 p - a potion of resistance {unknown}


   Skills:
 + Level 6.2 Fighting
 + Level 5.1 Maces & Flails
 + Level 6.2 Armour
 + Level 6.2 Shields


You had 7 spell levels left.
You didn't know any spells.
Your spell library contained the following spells:

 Spells                   Type           Power      Damage    Failure   Level
 Blink                    Tloc           0%         N/A       75%         2
 Lesser Beckoning         Tloc           0%         N/A       75%         2
 Momentum Strike          Conj/Tloc      0%         3d8       75%         2
 Dazzling Flash           Conj/Hex       0%         N/A       92%         3
 Gell's Gravitas          Tloc           0%         N/A       92%         3
 Teleport Other           Tloc           0%         N/A       92%         3
 Agony                    Necr           0%         N/A       100%        5
 Silence                  Hex/Air        0%         N/A       100%        5


Dungeon Overview and Level Annotations

Branches:
Dungeon (6/15)              Sewer (visited)
 Temple: D:4-7

Altars:
Gozag
Okawaru
Vehumet
Wu Jian
The Shining One

Shops:
D:1 (**!   D:6 *


Innate Abilities, Weirdness & Mutations

You are immune to sickness and miasma.
Your stone body is resilient. (AC +5)
You are immune to poison.
You resist negative energy. (rN+)
You are resistant to electric shocks. (rElec)
You are resistant to unholy torment.
You are immune to petrification.


Message History

A scorpion comes into view.
Found Bycsu's Assorted Antiques.
An ogre comes into view. It is wielding a +0 giant club.
You block the scorpion's attack.
You barely miss the scorpion. You block the scorpion's attack.
The scorpion barely misses you.
You bludgeon the scorpion!!
You kill the scorpion!
Okawaru accepts your kill.
You hit the ogre but do no damage.
The ogre hits you with a +0 giant club!!
You hit the ogre but do no damage. The ogre hits you with a +0 giant club!
You are too injured to fight recklessly!
You are too injured to fight recklessly!
You are too injured to fight recklessly!
You are too injured to fight recklessly!
You are too injured to fight recklessly!
You are too injured to fight recklessly!
You are too injured to fight recklessly!
You are too injured to fight recklessly!
You are too injured to fight recklessly!
You are too injured to fight recklessly!
You are too injured to fight recklessly!
You are too injured to fight recklessly!
You are too injured to fight recklessly!
You are too injured to fight recklessly!
You are too injured to fight recklessly!
You are too injured to fight recklessly!
You are too injured to fight recklessly!
You are too injured to fight recklessly!
You are too injured to fight recklessly!
You are too injured to fight recklessly!
You are too injured to fight recklessly!
You are too injured to fight recklessly!
You bludgeon the ogre!!
The ogre is severely wounded.
The ogre hits you with a +0 giant club!
* * * LOW HITPOINT WARNING * * *
The ogre hits you with a +0 giant club!!
You die...

#.>.# ...## #...#####
#.......+ ##########..##
.............#
.#####.#####.####
.#####.#####....##
..........#####.@#
..##.....<######.O#
....#..##............
.......##..........#..O
.......##...........#.#
........#............∩..
..........####......#.#.
.##..........#.#...#...
. ####..#.#### . .


You could see an ogre.

Vanquished Creatures
  Sigmund (D:2)
  Duvessa (D:5)
  Pargi (Sewer)
  A black bear (D:5)
  2 scorpions
  Dowan (D:5)
  4 hounds
  2 orc priests
  A jelly (D:4)
  Ijyb (D:3)
  4 orc wizards
  4 gnolls (D:2)
  Robin (D:2)
  7 adders
  An ufetubus (D:5)
  3 worms
  7 orcs
  5 bats
  7 endoplasms
  5 giant cockroaches
  14 goblins
  10 hobgoblins
  3 jackals (D:5)
  4 quokkas
  5 ball pythons
  5 frilled lizards
  11 kobolds
  5 rats
116 creatures vanquished.

Notes
Turn   | Place    | Note
-------+----------+-------------------------------------------
     0 | D:1      | Dittersdorf the Gargoyle Fighter began the quest for the
                  | Orb.
     0 | D:1      | Reached XP level 1. HP: 14/14 MP: 1/1
    84 | D:1      | Reached XP level 2. HP: 19/19 MP: 2/2
   196 | D:1      | Reached XP level 3. HP: 23/23 MP: 3/3
   203 | D:1      | Found Esona's Assorted Antiques.
   263 | D:1      | Found Olothab's Assorted Antiques.
   297 | D:1      | Found Zutuukec's Antique Weapon Emporium.
   391 | D:1      | Found Lugaekua's Distillery.
   719 | D:2      | Reached XP level 4. HP: 19/29 MP: 4/4
   810 | D:2      | Found a faded altar of an unknown god.
   858 | D:2      | Noticed Sigmund
   880 | D:2      | HP: 1/29 [something (8)]
   882 | D:2      | Killed Sigmund
   883 | D:2      | Reached XP level 5. HP: 2/34 MP: 5/5
   883 | D:2      | Reached XP level 6. HP: 2/39 MP: 6/6
  1316 | D:2      | Noticed Robin
  1328 | D:2      | Killed Robin
  1507 | D:3      | Found a radiant altar of Vehumet.
  1511 | D:3      | Found a glowing golden altar of the Shining One.
  1631 | D:3      | Noticed Ijyb
  1645 | D:3      | Killed Ijyb
  2250 | D:4      | Found an opulent altar of Gozag.
  2415 | D:4      | Reached skill level 5 in Fighting
  2484 | D:4      | Reached skill level 5 in Shields
  2487 | D:4      | Found an iron altar of Okawaru.
  2497 | D:4      | Became a worshipper of Warmaster Okawaru
  2663 | D:4      | Reached skill level 5 in Armour
  2663 | D:4      | Reached XP level 7. HP: 41/44 MP: 7/7
  2717 | D:4      | Found an ornate altar of the Wu Jian Council.
  3016 | D:5      | Entered Level 5 of the Dungeon
  3073 | D:5      | Found a glowing drain.
  3096 | Sewer    | Entered a sewer
  3145 | Sewer    | Noticed Pargi
  3160 | Sewer    | Killed Pargi
  3601 | D:5      | Noticed Duvessa
  3602 | D:5      | Noticed Dowan
  3625 | D:5      | Killed Duvessa
  3626 | D:5      | Reached XP level 8. HP: 29/51 MP: 8/8
  3695 | D:5      | Killed Dowan
  4008 | D:4      | Reached * piety under Okawaru
  4009 | D:4      | Reached skill level 5 in Maces & Flails
  4646 | D:6      | Found Bycsu's Assorted Antiques.
  4653 | D:6      | Mangled by an ogre

Illustrated notes

Levels and vault maps discovered:
D:1:      lightli_arrival_quake, layout_basic, serial_shops, shop, shop,
          nicolae_shop_peninsula, shop
D:2:      layout_rooms, shapermc_ecumenical_altar_venn, minmay_crystal_water,
          uniq_robin, uniq_sigmund
D:3:      layout_basic, nicolae_overflow_squiral, uniq_ijyb
D:4:      layout_loops_cross, okawaru_trees_1,
          nicolae_wu_jian_immortal_techniques,
          nicolae_gozag_cash_rules_everything_around_me, mrwooster_statue_mirror
D:5:      layout_cave_pods, cheibrodos_sewer_entry_bend, grunt_decor_junction,
          uniq_duvessa
D:6:      layout_basic, worldfamousw_hep_ancestral_shrine, serial_shops,
          nicolae_shop_advertising_works [nicolae_subvault_shop_adworks]

Skill      XL: |  1  2  3  4  5  6  7  8 |
---------------+-------------------------+-----
Fighting       | 4 5 6 |  6.2
Armour         | 4 5 6 |  6.2
Shields        | 4 5 6 |  6.2
Maces & Flails | 3 4 5 |  5.1

Action                     |  1- 3 |  4- 6 |  7- 9 || total
---------------------------+-------+-------+-------++-------
  Melee: Flail             |   102 |   151 |   177 ||   430
    Use: Potion            |       |     1 |       ||     1
         Scroll            |       |     3 |     2 ||     5
 Armour: Scale mail        |    64 |     6 |       ||    70
         Ring mail         |       |    60 |   207 ||   267
  Dodge: Dodged            |    63 |    82 |   181 ||   326
  Block: Buckler           |    21 |    42 |    85 ||   148

Table legend: (Time is in decaauts)
 A = Elapsed time spent in this place.
 B = Non-inter-level travel time spent in this place.
 C = Inter-level travel time spent in this place.
 D = Time resting spent in this place.
 E = Time spent auto-exploring this place.
 F = Levels seen in this place.
 G = Mean time per level.
                   A        B        C        D        E       F      G
               +--------+--------+--------+--------+--------+-----+--------+
         Total |   4909 |   4766 |    143 |    721 |   2736 |   7 |  701.3 |
       Dungeon |   4616 |   4473 |    143 |    657 |   2627 |   6 |  769.3 |
         Sewer |    293 |    293 |      0 |     64 |    109 |   1 |  293.0 |
               +--------+--------+--------+--------+--------+-----+--------+

Top non-repeatable levels by time:
     D:5: 1185 daAuts
     D:4: 958 daAuts
     D:3: 950 daAuts
     D:2: 755 daAuts
     D:1: 710 daAuts
   Sewer: 293 daAuts
     D:6: 55 daAuts
